 Dungeon Crawl Stone Soup version 0.30.1-11-g7821555f0a (webtiles) character file.

Game seed: 1245793278907382444

125 jagang the Trooper (level 5, -2/42 HPs)
             Began as a Human Monk on Dec 21, 2023.
             Was a Believer of the Shining One.
             Killed from afar by a white imp (10 damage)
             ... with a puff of frost
             ... summoned by Eustachio
             ... on level 4 of the Dungeon.
             The game lasted 00:06:06 (3165 turns).

jagang the Trooper (Human Monk)                     Turns: 3165, Time: 00:06:07

Health: -2/42      AC: 13    Str: 11    XL:     5   Next: 30%
Magic:  2/5        EV:  6    Int: 11    God:    the Shining One [**....]
Gold:   98         SH:  6    Dex: 17    Spells: 4/4 levels left

rFire   . . .        a - +0 falchion
rCold   . . .        d - orb {light}
rNeg    + . .        w - +0 chain mail
rPois   .            (no helmet)
rElec   .            (no cloak)
rCorr   .            b - +0 pair of gloves
SInv    .            (no boots)
Will    .....        (no amulet) Stlth
                     i - +4 ring of slaying
HPRegen 0.27/turn    m - +4 ring of protection
MPRegen 0.09/turn

%: no passive effects
@: divinely shielded, glowing
A: no striking features
a: Renounce Religion, Divine Shield


You were on level 4 of the Dungeon.
You worshipped the Shining One.
The Shining One was pleased with you.
You visited 2 branches of the dungeon, and saw 5 of its levels.

You collected 198 gold pieces.
You spent 100 gold pieces at shops.

Inventory:

Hand Weapons
 a - a +0 falchion (weapon)
Missiles
 t - 2 boomerangs (quivered)
 x - 4 poisoned darts
Armour
 b - a +0 pair of gloves (worn)
 d - an orb of light (worn)
 w - a +0 chain mail (worn)
Jewellery
 i - a +4 ring of slaying (left hand)
 m - a +4 ring of protection (right hand)
 p - a ring of resist corrosion
 y - an amulet of faith
Wands
 z - a wand of flame (12)
Scrolls
 e - 2 scrolls of blinking {unknown}
 f - 4 scrolls of identify {unknown}
 g - 8 scrolls of teleportation {unknown}
 h - a scroll of acquirement {unknown}
 k - 2 scrolls of magic mapping {unknown}
 l - a scroll of silence {unknown}
 q - a scroll of immolation {unknown}
 r - 2 scrolls of poison {unknown}
 s - a scroll of vulnerability {unknown}
 v - a scroll of enchant weapon {unknown}
Potions
 c - a potion of ambrosia
 j - a potion of heal wounds {unknown}
 n - 2 potions of brilliance {unknown}
 o - a potion of mutation {unknown}
 u - a potion of magic {unknown}


   Skills:
 * Level 4.0 Fighting
 * Level 4.0 Long Blades
 + Level 0.3 Throwing
 + Level 2.3 Armour
 - Level 3.0 Dodging


You had 4 spell levels left.
You didn't know any spells.
Your spell library contained the following spells:

 Spells                   Type           Power      Damage    Failure   Level
 Blink                    Tloc           0%         N/A       100%        2
 Lesser Beckoning         Tloc           0%         N/A       100%        2
 Momentum Strike          Conj/Tloc      0%         3d8       100%        2
 Poisonous Vapours        Pois/Air       0%         N/A       100%        2
 Static Discharge         Conj/Air       0%         2-2/arc   100%        2
 Mephitic Cloud           Conj/Pois/Air  0%         N/A       100%        3
 Airstrike                Air            0%         2d(0-16)  100%        4
 Summon Lightning Spire   Summ/Air       0%         N/A       100%        4
 Freezing Cloud           Conj/Ice/Air   0%         6-21      100%        5


Dungeon Overview and Level Annotations

Branches:
Dungeon (4/15)             Temple (1/1) D:4

Altars:
Cheibriados
Dithmenos
Fedhas
Hepliaklqana
Qazlal
Ru
Vehumet
Wu Jian
Yredelemnul
The Shining One

Shops:
D:1 *

Annotations:
D:4 Eustachio


Message History

The river rat bites you but does no damage.
The white imp hits you but does no damage.
The crimson imp barely misses you.
You barely miss Eustachio.
Eustachio is severely wounded.
The quokka closely misses you. Eustachio hits you with a +0 falchion.
The rat bites you. The river rat bites you. The white imp barely misses you.
The crimson imp hits you but does no damage.
You hit Eustachio but do no damage.
Eustachio is severely wounded.
The quokka closely misses you. Eustachio hits you with a +0 falchion.
The rat bites you.
The river rat bites you but does no damage.
The crimson imp hits you but does no damage.
The white imp barely misses you.
The quokka bites you but does no damage.
You slash Eustachio!
Eustachio is almost dead.
Eustachio barely misses you. The rat bites you but does no damage.
The river rat bites you!
* * * LOW HITPOINT WARNING * * *
The white imp hits you but does no damage.
The quokka barely misses you.
The crimson imp hits you but does no damage.
Your shield is strengthened by the Shining One's divine power.
Eustachio gestures wildly while chanting.
Eustachio blinks!
The quokka bites you but does no damage.
The rat closely misses you.
The river rat bites you but does no damage.
The crimson imp hits you but does no damage.
The white imp barely misses you.
You hit the quokka.
You kill the quokka!
The quokka's corpse disappears in a puff of smoke!
The bat hits you but does no damage. The rat bites you but does no damage.
The river rat barely misses you. The white imp gestures at you.
The puff of frost hits you!
You die...

. #.######### #.# #...#
.###.# #.# #...# .....#
#######.# #...# ....##
#.......### #...# .##.#
##.#.####.. #.>.#
.##.#### #.....# .####
...(#
.......###.#.#.###.... .
###.##........55§b@## . #
#.###...#.#.#5@r..#.#.##
..#...#.......#r..#$....
####.#...#.>.#...#......#
#...#.......#.†.##.#=
###...#.#.#..........#
###..........##...##
##.#.#...### ...#
#.....#.# ... ##.#....#
.#


You could see Eustachio, a crimson imp (summoned), a river rat (summoned), a
white imp (summoned), an ufetubus (summoned), a bat (summoned) and a rat
(summoned).

Vanquished Creatures
  A gnoll (D:1)
  4 adders
  A worm (D:3)
  A dart slug (D:1)
  4 orcs (D:3)
  6 bats
  2 endoplasms
  6 giant cockroaches
  7 goblins
  8 hobgoblins
  7 kobolds
  3 quokkas
  8 ball pythons
  8 rats
66 creatures vanquished.

Notes
Turn   | Place    | Note
-------+----------+-------------------------------------------
     0 | D:1      | jagang the Human Monk began the quest for the Orb.
     0 | D:1      | Reached XP level 1. HP: 18/18 MP: 1/1
   131 | D:1      | Reached XP level 2. HP: 23/24 MP: 2/2
   158 | D:1      | Reached skill level 1 in Armour
   259 | D:1      | Reached XP level 3. HP: 12/29 MP: 3/3
   352 | D:1      | You fall into a shaft and drop 1 floor!
   993 | D:1      | Found Liss's Assorted Antiques.
  1259 | D:2      | Reached XP level 4. HP: 7/35 MP: 4/4
  1405 | D:2      | Found Kees's Magic Scroll Shop.
  1444 | D:2      | Found a faded altar of an unknown god.
  1957 | D:1      | Bought a scroll labelled VYHI SONAU for 25 gold pieces
  1957 | D:1      | Bought a scroll labelled POPNOO VOKI for 25 gold pieces
  1957 | D:1      | Bought a scroll labelled POPNOO VOKI for 25 gold pieces
  1957 | D:1      | Bought a scroll labelled NAJOED JATWU for 25 gold pieces
  2208 | D:3      | Found a blossoming altar of Fedhas.
  2567 | D:3      | Reached XP level 5. HP: 42/42 MP: 5/5
  2663 | D:3      | Found a sacrificial altar of Ru.
  2988 | D:4      | Found a staircase to the Ecumenical Temple.
  2999 | Temple   | Entered the Ecumenical Temple
  3100 | Temple   | Became a worshipper of the Shining One
  3100 | Temple   | Reached * piety under the Shining One
  3100 | Temple   | Reached ** piety under the Shining One
  3140 | D:4      | Noticed Eustachio
  3165 | D:4      | Killed from afar by a white imp

Illustrated notes

Levels and vault maps discovered:
D:1:      saegor_arrival_under_anarchy, layout_loops_corners, serial_shops, shop
D:2:      minmay_door_path, layout_basic, ebering_ecumenical_altar_sacrificial,
          serial_shops, shop
D:3:      layout_rooms, mainiacjoe_overflow_big_doors, hangedman_glass_teeth,
          chequers_big_river, kennysheep_generic_room_15
D:4:      layout_loops_cross, elyvilon_altar_4, okawaru_metal_pillars_1_2,
          minmay_temple_entry_sparse_star, uniq_duvessa, uniq_eustachio
Temple:   grunt_temple_mini_profane

Skill      XL: |  1  2  3  4  5 |
---------------+----------------+-----
Armour         | 1 2 |  2.3
Fighting       | 4 |  4.0
Long Blades    | 4 |  4.0
Throwing       | |  0.3
Dodging        | |  3.0

Action                     |  1- 3 |  4- 6 || total
---------------------------+-------+-------++-------
  Melee: Falchion          |    78 |    85 ||   163
 Invoke: Divine Shield     |       |     1 ||     1
 Armour: Robe              |    16 |     2 ||    18
         Leather armour    |       |     5 ||     5
         Chain mail        |       |    63 ||    63
  Dodge: Dodged            |    61 |    66 ||   127
